 Dungeon Crawl Stone Soup version 0.20.1-1-g8b1a95d (webtiles) character file.

25 vatarom the Cutter (level 3, 0/18 HPs)
             Began as a Vine Stalker Gladiator on Sept 14, 2017.
             Killed by nerve-wracking pain
             ... invoked by Jessica
              (1 damage)
             ... on level 2 of the Dungeon.
             The game lasted 00:02:37 (729 turns).

vatarom the Cutter (Vine Stalker Gladiator)          Turns: 729, Time: 00:02:38

Health: 0/18       AC:  4    Str: 17    XL:     3   Next: 4%
Magic:  0/4        EV: 13    Int:  8    God:
Gold:   69         SH:  0    Dex: 18    Spells: 2/2 levels left

rFire    + . .     SeeInvis .   h - +2 dagger (venom)
rCold    . . .     Gourm    .   (no shield)
rNeg     . . .     Faith    .   b - +0 leather armour
rPois    .         Spirit   +   c - +0 helmet
rElec    .         Reflect  .   (no cloak)
rCorr    .         Harm     .   (no gloves)
MR       .....                  (no boots)
Stlth    ++........             (no amulet)
Regen    0.1/turn               j - +3 ring of dexterity
MPRegen  0.1/turn               i - ring of protection from fire

@: no status effects
A: fangs 2, magic shield, antimagic bite, no potion heal 3, rot immunity
a: no special abilities


You were on level 2 of the Dungeon.
You were not hungry.

You visited 1 branch of the dungeon, and saw 2 of its levels.

You collected 69 gold pieces.

Inventory:

Hand Weapons
 a - a +0 rapier
 h - a +2 dagger of venom (weapon)
Missiles
 d - 2 throwing nets (quivered)
Armour
 b - a +0 leather armour (worn)
 c - a +0 helmet (worn)
Jewellery
 i - a ring of protection from fire (right hand)
 j - a +3 ring of dexterity (left hand)
Scrolls
 e - a scroll of amnesia
 m - a scroll of teleportation {unknown}
 n - a scroll of enchant armour {unknown}
Potions
 l - a potion of brilliance {unknown}
Comestibles
 f - 3 bread rations
 g - 7 fruits
 k - a royal jelly


   Skills:
 + Level 2.0 Fighting
 * Level 3.2 Short Blades
 - Level 1.7 Throwing
 - Level 2.4 Dodging
 + Level 1.8 Stealth


You had 2 spell levels left.
You didn't know any spells.

Dungeon Overview and Level Annotations

Branches:
Dungeon (2/15)

Altars:
Dithmenos

Annotations:
D:2 Jessica


Innate Abilities, Weirdness & Mutations

You have extremely sharp teeth.
When hurt, damage is shared between your health and your magic reserves.
Your bite disrupts and absorbs the magic of your enemies.
Potions cannot restore your health.
You are immune to rotting.


Message History

Jessica hits you with a club.
You barely miss Jessica. Your bite misses Jessica.
Jessica completely misses you.
You barely miss Jessica. Your bite misses Jessica.
Jessica gestures at you while chanting. Pain shoots through your body!
Ouch! That really hurt!
You are too injured to fight recklessly!
You are too injured to fight recklessly!
You hit Jessica. Your bite misses Jessica.
Jessica is lightly wounded.
Jessica gestures at you while chanting. Pain shoots through your body!
* * * LOW HITPOINT WARNING * * *
Unknown command.
You hit Jessica.
Jessica is poisoned.
Jessica is moderately wounded.
Jessica gestures at you while chanting. Pain shoots through your body!
You die...

#######.#######.#..#
#.#.......#..#######
#.#.####........>...
#.#..........#######
#.#.#####.##.# #.#.#
#.##.#
#.#.#####.##.#
#.........##.#
###@########.# #@#
#.. #.# #.# #.# ###


You could see Jessica.

Vanquished Creatures
  3 dart slugs (D:1)
  4 bats (D:1)
  3 goblins (D:1)
  2 hobgoblins
  3 kobolds
  2 frilled lizards
  A rat (D:2)
18 creatures vanquished.

Notes
Turn   | Place    | Note
-------+----------+-------------------------------------------
     0 | D:1      | vatarom the Vine Stalker Gladiator began the quest for the Orb.
     0 | D:1      | Reached XP level 1. HP: 11/11 MP: 2/2
   132 | D:1      | Reached XP level 2. HP: 15/15 MP: 3/3
   136 | D:1      | Reached skill level 3 in Short Blades
   280 | D:1      | Reached skill level 1 in Stealth
   658 | D:2      | Reached XP level 3. HP: 13/18 MP: 4/4
   660 | D:2      | Found a shadowy altar of Dithmenos.
   724 | D:2      | Noticed Jessica
   729 | D:2      | Killed from afar by Jessica

Skill      XL: |  1  2 |
---------------+-------+-----
Fighting       | 2 |  2.0
Short Blades   | 3 |  3.2
Stealth        | 1 |  1.8
Throwing       | |  1.7
Dodging        | |  2.4

Action                   || total
-------------------------++-------
Melee: Rapier            ||    41
       Bite              ||    11
       Dagger            ||     4
Throw: Throwing net      ||     1
  Use: Scroll            ||     2
 Stab: Sleeping          ||     2
Armor: Leather armour    ||     6
Dodge: Dodged            ||    35
